| Goals | Penalties |
1. Islanders , Alexander Nylander 1 (Ethan Del Mastro 6, Collin Graf 6) at 3:54 (PP)
2. Bruins , Oskar Steen 9 (Graeme Clarke 16, Jeff Malott 7) at 7:45
3. Bruins , Logan Shaw 23 (Rourke Chartier 19) at 12:17
4. Islanders , Ryan Schmelzer 20 (Matt Coronato 29, Nicklas Backstrom 23) at 13:22 (PP)
|
Logan Shaw (BOS) for Tripping (Minor) at 2:41 Dan Renouf (BOS) for Holding Stick (Minor) at 13:19
|
5. Islanders , Nicklas Backstrom 19 (Matt Coronato 30, Ryan Schmelzer 16) at 0:10
6. Bruins , Rasmus Asplund 19 (Scott Morrow 5, Alex Peters 11) at 18:40
|
No Penalty
|
7. Bruins , Rasmus Asplund 20 (Adam Gaudette 27) at 1:12
8. Islanders , Nicklas Backstrom 20 (Matt Coronato 31) at 12:56 (PP)
|
Ryan Schmelzer (NYI) for Slashing (Minor) at 3:54 Rourke Chartier (BOS) for Hooking (Minor) at 12:53 Oskar Steen (BOS) for Cross-checking (Minor) at 13:44
|
9. Bruins , Anthony Richard 18 (Adam Gaudette 28, Dan Renouf 9) at 0:24
|
No Penalty
|
|
Mike Smith (NYI), 17 saves from 22 shots - (0,773), OTL, 11-23-9, 60:24 minutes
Ken Appleby (BOS), 10 saves from 14 shots - (0,714), W, 29-18-9, 60:24 minutes
|
|
1 - Rasmus Asplund (BOS)
2 - Nicklas Backstrom (NYI)
3 - Anthony Richard (BOS)
|
Referees : Bill Hetherington and Kevin Pollock
Linesman : Kirsten Welsh and Alexandra Clarke
|
|
| No Game Note
|
| Team Name |
Goals |
Shots |
Shots Attemp |
Shots Blocked |
PIM |
HIT |
PP |
PK |
FO% |
| Islanders |
4 | 14 | 28 | 8 | 2 | 11 | 3 / 4 (75%) | 0 | 63% |
| Bruins |
5 | 22 | 38 | 6 | 8 | 15 | 0 / 1 (0%) | 3 | 37% |
Islanders
| Player Name |
POS |
G |
A |
P |
+/- |
PIM |
HIT |
SHT |
SB |
MP |
PP MP |
PP SHT |
PK MP |
PK SHT |
FO% |
FOT |
GA |
TA |
| Alexander Nylander | LW/RW | 1 | 0 | 1 | -2 | 0 | 2 | 2 | 0 | 14:30 | 0:57 | 1 | 0:00 | 0 | 0% |
0 | 0 | 0 |
| Ben Meyers | C/LW | 0 | 0 | 0 | -2 | 0 | 0 | 0 | 0 | 20:41 | 0:00 | 0 | 0:00 | 0 | 56% |
9 | 1 | 0 |
| Brandon Gignac | C | 0 | 0 | 0 | 0 | 0 | 0 | 0 | 0 | 8:13 | 0:00 | 0 | 0:00 | 0 | 67% |
3 | 0 | 0 |
| Collin Graf | C/RW | 0 | 1 | 1 | -1 | 0 | 2 | 0 | 0 | 20:13 | 1:03 | 0 | 0:47 | 0 | 40% |
5 | 0 | 1 |
| Conor Timmins | D | 0 | 0 | 0 | -1 | 0 | 1 | 1 | 1 | 21:54 | 0:08 | 0 | 0:00 | 0 | 0% |
0 | 0 | 0 |
| Corey Schueneman | D | 0 | 0 | 0 | -2 | 0 | 0 | 0 | 0 | 23:40 | 1:40 | 0 | 1:03 | 0 | 0% |
0 | 0 | 1 |
| David Farrance | D | 0 | 0 | 0 | 0 | 0 | 0 | 0 | 0 | 1:54 | 0:00 | 0 | 0:00 | 0 | 0% |
0 | 0 | 0 |
| Dylan Coghlan | D | 0 | 0 | 0 | -1 | 0 | 0 | 1 | 2 | 28:29 | 2:33 | 1 | 1:26 | 0 | 0% |
0 | 1 | 0 |
| Emil Lilleberg | D | 0 | 0 | 0 | -1 | 0 | 1 | 1 | 0 | 20:47 | 0:45 | 0 | 0:00 | 0 | 0% |
0 | 0 | 1 |
| Ethan Del Mastro | D | 0 | 1 | 1 | -1 | 0 | 0 | 1 | 1 | 19:58 | 1:38 | 1 | 0:56 | 0 | 0% |
0 | 0 | 1 |
| Jakub Galvas | D | 0 | 0 | 0 | 0 | 0 | 0 | 0 | 0 | 1:48 | 0:00 | 0 | 0:33 | 0 | 0% |
0 | 0 | 0 |
| Mason Shaw | C/LW | 0 | 0 | 0 | -3 | 0 | 0 | 0 | 0 | 17:43 | 0:57 | 0 | 1:11 | 0 | 50% |
2 | 0 | 1 |
| Matt Coronato | RW | 0 | 3 | 3 | -1 | 0 | 1 | 3 | 0 | 26:00 | 2:13 | 1 | 1:12 | 0 | 100% |
1 | 2 | 0 |
| Mitchell Vande Sompel | D | 0 | 0 | 0 | 0 | 0 | 0 | 0 | 0 | 3:34 | 0:00 | 0 | 0:00 | 0 | 0% |
0 | 0 | 0 |
| Nicklas Backstrom | C | 2 | 1 | 3 | -1 | 0 | 1 | 2 | 2 | 25:10 | 2:13 | 1 | 0:00 | 0 | 70% |
20 | 1 | 0 |
| Nicolas Meloche | D | 0 | 0 | 0 | -1 | 0 | 0 | 0 | 1 | 6:52 | 0:00 | 0 | 0:00 | 0 | 0% |
0 | 0 | 0 |
| Ryan Schmelzer | C | 1 | 1 | 2 | 0 | 2 | 2 | 3 | 1 | 24:25 | 2:10 | 2 | 0:00 | 0 | 67% |
3 | 0 | 1 |
| Taro Hirose | LW | 0 | 0 | 0 | -1 | 0 | 1 | 0 | 0 | 13:21 | 0:13 | 0 | 0:48 | 0 | 0% |
0 | 0 | 0 |
Bruins
| Player Name |
POS |
G |
A |
P |
+/- |
PIM |
HIT |
SHT |
SB |
MP |
PP MP |
PP SHT |
PK MP |
PK SHT |
FO% |
FOT |
GA |
TA |
| Adam Gaudette | C/RW | 0 | 2 | 2 | 1 | 0 | 0 | 3 | 1 | 20:41 | 1:06 | 0 | 0:07 | 0 | 50% |
2 | 1 | 0 |
| Alex Peters | D | 0 | 1 | 1 | 2 | 0 | 1 | 0 | 0 | 16:20 | 0:00 | 0 | 0:00 | 0 | 0% |
0 | 0 | 0 |
| Anthony Richard | LW/RW | 1 | 0 | 1 | 2 | 0 | 5 | 3 | 0 | 19:28 | 0:53 | 0 | 0:42 | 0 | 0% |
0 | 0 | 0 |
| Blake Hillman | D | 0 | 0 | 0 | 0 | 0 | 0 | 0 | 0 | 0:11 | 0:00 | 0 | 0:00 | 0 | 0% |
0 | 0 | 0 |
| Dan Renouf | D | 0 | 1 | 1 | 2 | 2 | 0 | 0 | 0 | 19:22 | 0:00 | 0 | 1:08 | 0 | 0% |
0 | 0 | 0 |
| Dylan Holloway | C/LW | 0 | 0 | 0 | 0 | 0 | 1 | 0 | 2 | 22:19 | 1:06 | 0 | 1:58 | 0 | 33% |
3 | 0 | 1 |
| Graeme Clarke | C/RW | 0 | 1 | 1 | 1 | 0 | 2 | 1 | 0 | 15:32 | 0:53 | 0 | 0:00 | 0 | 0% |
1 | 1 | 1 |
| Jake Christiansen | D | 0 | 0 | 0 | 0 | 0 | 1 | 0 | 1 | 23:41 | 1:15 | 0 | 2:07 | 0 | 0% |
0 | 1 | 0 |
| Jeff Malott | LW | 0 | 1 | 1 | 1 | 0 | 0 | 2 | 0 | 14:36 | 0:00 | 0 | 0:00 | 0 | 0% |
0 | 0 | 1 |
| Kristian Reichel | RW | 0 | 0 | 0 | 1 | 0 | 1 | 0 | 0 | 8:33 | 0:00 | 0 | 0:00 | 0 | 0% |
1 | 0 | 0 |
| Logan Shaw | C/LW/RW | 1 | 0 | 1 | 2 | 2 | 2 | 6 | 0 | 19:06 | 1:06 | 0 | 0:07 | 0 | 100% |
1 | 1 | 0 |
| Max Lajoie | D | 0 | 0 | 0 | 1 | 0 | 0 | 1 | 1 | 19:59 | 0:44 | 0 | 1:11 | 0 | 0% |
0 | 0 | 0 |
| Oskar Steen | C/RW | 1 | 0 | 1 | 1 | 2 | 0 | 1 | 0 | 16:47 | 0:00 | 0 | 0:31 | 0 | 0% |
4 | 1 | 0 |
| Philip Broberg | D | 0 | 0 | 0 | 0 | 0 | 0 | 1 | 1 | 23:44 | 1:15 | 0 | 2:10 | 0 | 0% |
0 | 1 | 1 |
| Rasmus Asplund | C/LW | 2 | 0 | 2 | 1 | 0 | 1 | 2 | 0 | 21:06 | 0:00 | 0 | 1:58 | 0 | 36% |
25 | 0 | 0 |
| Rourke Chartier | C | 0 | 1 | 1 | 1 | 2 | 1 | 2 | 0 | 18:54 | 0:53 | 0 | 1:13 | 0 | 67% |
6 | 0 | 0 |
| Ryan Ellis | D | 0 | 0 | 0 | 0 | 0 | 0 | 0 | 0 | 0:00 | 0:00 | 0 | 0:00 | 0 | 0% |
0 | 0 | 0 |
| Scott Morrow | D | 0 | 1 | 1 | 2 | 0 | 0 | 0 | 0 | 17:31 | 0:44 | 0 | 0:00 | 0 | 0% |
0 | 0 | 1 |
Islanders
| 5 vs 5 Forward |
|---|
| Line # | Left Wing | Center | Right Wing | PHY | DF | OF | Wanted % | Time % | Time Play |
| 1 | Matt Coronato | Nicklas Backstrom | Ryan Schmelzer | 1 | 2 | 2 | 40 | 38% | 21:02
|
| 2 | Nicklas Backstrom | Ben Meyers | Matt Coronato | 1 | 2 | 2 | 30 | 35% | 19:13
|
| 3 | Ryan Schmelzer | Ben Meyers | Matt Coronato | 1 | 2 | 2 | 20 | 19% | 10:26
|
| 4 | Ryan Schmelzer | Nicklas Backstrom | Matt Coronato | 1 | 2 | 2 | 10 | 7% | 4:02
|
| 5 vs 5 Defense |
|---|
| Line # | Defense | Defense | | PHY | DF | OF | Wanted % | Time % | Time Play |
| 1 | Dylan Coghlan | Conor Timmins | | 1 | 2 | 2 | 40 | 37% | 20:28
|
| 2 | Emil Lilleberg | Corey Schueneman | | 1 | 2 | 2 | 30 | 33% | 17:58
|
| 3 | Dylan Coghlan | Ethan Del Mastro | | 1 | 2 | 2 | 20 | 17% | 9:17
|
| 4 | Corey Schueneman | Ethan Del Mastro | | 1 | 2 | 2 | 10 | 13% | 7:00
|
| Power Play Forward |
|---|
| Line # | Left Wing | Center | Right Wing | PHY | DF | OF | Wanted % | Time % | Time Play |
| 1 | Matt Coronato | Nicklas Backstrom | Ryan Schmelzer | 1 | 2 | 2 | 60 | 93% | 3:05
|
| 2 | Matt Coronato | Ryan Schmelzer | Nicklas Backstrom | 1 | 2 | 2 | 40 | 7% | 0:13
|
| Power Play Defense |
|---|
| Line # | Defense | Defense | | PHY | DF | OF | Wanted % | Time % | Time Play |
| 1 | Dylan Coghlan | Corey Schueneman | | 1 | 2 | 2 | 60 | 51% | 1:40
|
| 2 | Ethan Del Mastro | Dylan Coghlan | | 1 | 2 | 2 | 40 | 49% | 1:38
|
| Penalty Kill 4 Players Forward |
|---|
| Line # | Center | Wing | PHY | DF | OF | Wanted % | Time % | Time Play |
| 1 | Matt Coronato | Ryan Schmelzer | 1 | 2 | 2 | 60 | 100% | 1:59
|
| 2 | Ryan Schmelzer | Matt Coronato | 1 | 2 | 2 | 40 | 0% | 0:00
|
| Penalty Kill 4 Players Defense |
|---|
| Line # | Defense | Defense | PHY | DF | OF | Wanted % | Time % | Time Play |
| 1 | Corey Schueneman | Dylan Coghlan | 1 | 2 | 2 | 60 | 53% | 1:03
|
| 2 | Ethan Del Mastro | Dylan Coghlan | 1 | 2 | 2 | 40 | 47% | 0:56
|
| Penalty Kill 3 Players |
|---|
| Line # | Wing | PHY | DF | OF | Wanted % | Time % | Time Play | Defense | Defense | PHY | DF | OF | Wanted % | Time % | Time Play |
| 1 | Matt Coronato | 1 | 2 | 2 | 60 | 0% | 0:00
| Dylan Coghlan | Corey Schueneman | 1 | 2 | 2 | 60 | 0% | 0:00
|
| 2 | Matt Coronato | 1 | 2 | 2 | 40 | 0% | 0:00
| Dylan Coghlan | Ethan Del Mastro | 1 | 2 | 2 | 40 | 0% | 0:00
|
| 4 vs 4 Forward |
|---|
| Line # | Center | Wing | PHY | DF | OF | Wanted % | Time % | Time Play |
| 1 | Matt Coronato | Ryan Schmelzer | 1 | 2 | 2 | 60 | 0% | 0:00
|
| 2 | Nicklas Backstrom | Matt Coronato | 1 | 2 | 2 | 40 | 0% | 0:00
|
| 4 vs 4 Defense |
|---|
| Line # | Defense | | PHY | DF | OF | Wanted % | Time % | Time Play |
| 1 | Corey Schueneman | Dylan Coghlan | 1 | 2 | 2 | 60 | 0% | 0:00
|
| 2 | Dylan Coghlan | Corey Schueneman | 1 | 2 | 2 | 40 | 0% | 0:00
|
| Last Minutes Offensive |
|---|
| Left Wing | Center | Right Wing | Defense | Defense |
| Matt Coronato | Nicklas Backstrom | Ryan Schmelzer | Conor Timmins | Dylan Coghlan |
| Last Minutes Defensive |
|---|
| Left Wing | Center | Right Wing | Defense | Defense |
| Matt Coronato | Nicklas Backstrom | Ryan Schmelzer | Conor Timmins | Dylan Coghlan |
| Time |
|---|
| Total Forward | Total Defense | Last Minutes Offensive | Last Minutes Defensive |
| 60:00 |
60:00 |
0:00 | 0:00 |
| Extra Forwards |
|---|
| Normal | PowerPlay | Penalty Kill |
|
Ryan Schmelzer, Nicklas Backstrom, Matt Coronato | Matt Coronato, Ryan Schmelzer | Matt Coronato |
| Extra Defensemen |
|---|
| Normal | PowerPlay | Penalty Kill |
|
Dylan Coghlan, Corey Schueneman, Conor Timmins | Dylan Coghlan, Corey Schueneman | Jakub Galvas |
| Penalty Shots |
|---|
|
Nicklas Backstrom, Matt Coronato, Ben Meyers, Ryan Schmelzer, Collin Graf |
| Goalie |
|---|
| Mike Smith, Hugo Alnefelt |
| Scratches |
|---|
|
Brent Gates Jr. (Healthy), Dmitry Osipov (Healthy), Ryan Hofer (Healthy), Stephen Halliday (Healthy), Libor Hajek (Healthy)
Jordy Bellerive (Healthy), Matthew Strome (Healthy), Brendan Warren (Healthy), Cameron Hillis (Healthy), Tyler Madden (Healthy)
Hayden Hodgson (Healthy), Jackson Cates (Healthy), Seth Barton (Healthy), Henri Nikkanen (Healthy), Ty Tullio (Healthy)
Thomas Milic (Healthy), Hunter Jones (Healthy), Dennis Hildeby (Healthy) |
Bruins
| 5 vs 5 Forward |
|---|
| Line # | Left Wing | Center | Right Wing | PHY | DF | OF | Wanted % | Time % | Time Play |
| 1 | Dylan Holloway | Rasmus Asplund | Adam Gaudette | 1 | 2 | 2 | 45 | 34% | 18:44
|
| 2 | Logan Shaw | Rourke Chartier | Anthony Richard | 1 | 2 | 2 | 30 | 31% | 16:52
|
| 3 | Jeff Malott | Oskar Steen | Graeme Clarke | 1 | 2 | 2 | 20 | 26% | 14:08
|
| 4 | Dylan Holloway | Kristian Reichel | Oskar Steen | 1 | 2 | 2 | 5 | 9% | 4:59
|
| 5 vs 5 Defense |
|---|
| Line # | Defense | Defense | | PHY | DF | OF | Wanted % | Time % | Time Play |
| 1 | Philip Broberg | Jake Christiansen | | 1 | 3 | 1 | 45 | 37% | 20:19
|
| 2 | Dan Renouf | Max Lajoie | | 1 | 3 | 1 | 35 | 33% | 18:04
|
| 3 | Alex Peters | Scott Morrow | | 1 | 3 | 1 | 20 | 30% | 16:20
|
| 4 | Philip Broberg | Jake Christiansen | | 1 | 3 | 1 | 0 | 0% | 0:00
|
| Power Play Forward |
|---|
| Line # | Left Wing | Center | Right Wing | PHY | DF | OF | Wanted % | Time % | Time Play |
| 1 | Logan Shaw | Dylan Holloway | Adam Gaudette | 0 | 1 | 4 | 70 | 55% | 1:06
|
| 2 | Anthony Richard | Rourke Chartier | Graeme Clarke | 0 | 1 | 4 | 30 | 45% | 0:53
|
| Power Play Defense |
|---|
| Line # | Defense | Defense | | PHY | DF | OF | Wanted % | Time % | Time Play |
| 1 | Philip Broberg | Jake Christiansen | | 0 | 1 | 4 | 75 | 63% | 1:15
|
| 2 | Scott Morrow | Max Lajoie | | 0 | 1 | 4 | 25 | 37% | 0:44
|
| Penalty Kill 4 Players Forward |
|---|
| Line # | Center | Wing | PHY | DF | OF | Wanted % | Time % | Time Play |
| 1 | Rasmus Asplund | Dylan Holloway | 0 | 4 | 1 | 60 | 63% | 2:05
|
| 2 | Rourke Chartier | Oskar Steen | 0 | 4 | 1 | 40 | 37% | 1:13
|
| Penalty Kill 4 Players Defense |
|---|
| Line # | Defense | Defense | PHY | DF | OF | Wanted % | Time % | Time Play |
| 1 | Philip Broberg | Jake Christiansen | 0 | 4 | 1 | 60 | 64% | 2:07
|
| 2 | Dan Renouf | Max Lajoie | 0 | 4 | 1 | 40 | 36% | 1:11
|
| Penalty Kill 3 Players |
|---|
| Line # | Wing | PHY | DF | OF | Wanted % | Time % | Time Play | Defense | Defense | PHY | DF | OF | Wanted % | Time % | Time Play |
| 1 | Dylan Holloway | 0 | 4 | 1 | 60 | 0% | 0:00
| Philip Broberg | Jake Christiansen | 0 | 4 | 1 | 60 | 0% | 0:00
|
| 2 | Rasmus Asplund | 0 | 4 | 1 | 40 | 0% | 0:00
| Dan Renouf | Max Lajoie | 0 | 4 | 1 | 40 | 0% | 0:00
|
| 4 vs 4 Forward |
|---|
| Line # | Center | Wing | PHY | DF | OF | Wanted % | Time % | Time Play |
| 1 | Rasmus Asplund | Dylan Holloway | 1 | 2 | 2 | 60 | 0% | 0:00
|
| 2 | Rourke Chartier | Adam Gaudette | 1 | 2 | 2 | 40 | 0% | 0:00
|
| 4 vs 4 Defense |
|---|
| Line # | Defense | | PHY | DF | OF | Wanted % | Time % | Time Play |
| 1 | Philip Broberg | Jake Christiansen | 1 | 3 | 1 | 60 | 0% | 0:00
|
| 2 | Dan Renouf | Max Lajoie | 1 | 3 | 1 | 40 | 0% | 0:00
|
| Last Minutes Offensive |
|---|
| Left Wing | Center | Right Wing | Defense | Defense |
| Logan Shaw | Dylan Holloway | Adam Gaudette | Philip Broberg | Jake Christiansen |
| Last Minutes Defensive |
|---|
| Left Wing | Center | Right Wing | Defense | Defense |
| Rasmus Asplund | Rourke Chartier | Oskar Steen | Philip Broberg | Jake Christiansen |
| Time |
|---|
| Total Forward | Total Defense | Last Minutes Offensive | Last Minutes Defensive |
| 60:00 |
60:00 |
0:00 | 0:00 |
| Extra Forwards |
|---|
| Normal | PowerPlay | Penalty Kill |
|
Adam Gaudette, Dylan Holloway, Logan Shaw | Adam Gaudette, Dylan Holloway | Dylan Holloway |
| Extra Defensemen |
|---|
| Normal | PowerPlay | Penalty Kill |
|
Jake Christiansen, Philip Broberg, Scott Morrow | Jake Christiansen, Philip Broberg | Jake Christiansen |
| Penalty Shots |
|---|
|
Adam Gaudette, Dylan Holloway, Jake Christiansen, Anthony Richard, Graeme Clarke |
| Goalie |
|---|
| Ken Appleby, Jacob Ingham |
| Scratches |
|---|
|
Anthony Angello (Healthy), Austin Poganski (Healthy), Austin Strand (Healthy), Brendan Perlini (Healthy), Travis Barron (Healthy)
Jean-Luc Foudy (Healthy), Ashton Sautner (Healthy), Brian Halonen (Healthy), Nathan Burke (Healthy), Pierrick Dubé (Healthy)
Philippe Desrosiers (Healthy), Jared Moe (Healthy) |
Play-by-Play
1st period
0:01 of 1st period - Nicklas Backstrom wins face-off versus Rasmus Asplund in neutral zone.
2:23 of 1st period - Icing by Dylan Holloway.
2:24 of 1st period - Rasmus Asplund wins face-off versus Brandon Gignac in Bruins zone.
2:41 of 1st period - Minor Penalty to Logan Shaw for Tripping.
2:42 of 1st period - Nicklas Backstrom wins face-off versus Rasmus Asplund in Bruins zone.
3:28 of 1st period - Icing by Nicklas Backstrom.
3:29 of 1st period - Nicklas Backstrom wins face-off versus Rasmus Asplund in Islanders zone.
3:48 of 1st period - Slapshot by Dylan Coghlan.
3:48 of 1st period - Deflect By Oskar Steen.
3:48 of 1st period - Stopped by Ken Appleby with a rebound.
3:50 of 1st period - Wrist shot by Collin Graf.
3:50 of 1st period - Shot Misses the Net.
3:52 of 1st period - Snap shot by Ethan Del Mastro.
3:52 of 1st period - Stopped by Ken Appleby with a rebound.
3:54 of 1st period - Slapshot by Alexander Nylander.
3:54 of 1st period - Goal by Alexander Nylander - Islanders : 1 - Bruins : 0.
3:55 of 1st period - Rasmus Asplund wins face-off versus Ben Meyers in neutral zone.
4:06 of 1st period - Slapshot by Matt Coronato.
4:06 of 1st period - Stopped by Ken Appleby with a rebound.
4:24 of 1st period - Wrist shot by Logan Shaw.
4:24 of 1st period - Stopped by Mike Smith with a rebound.
4:26 of 1st period - Wrist shot by Dan Renouf.
4:26 of 1st period - Shot Misses the Net.
4:43 of 1st period - Icing by Max Lajoie.
4:44 of 1st period - Ben Meyers wins face-off versus Rasmus Asplund in Bruins zone.
5:08 of 1st period - Icing by Dan Renouf.
5:09 of 1st period - Rasmus Asplund wins face-off versus Nicklas Backstrom in Bruins zone.
5:44 of 1st period - Slapshot by Dylan Holloway.
5:44 of 1st period - Shot Blocked by Nicklas Backstrom.
5:49 of 1st period - Icing by Ben Meyers.
5:50 of 1st period - Ben Meyers wins face-off versus Oskar Steen in Islanders zone.
6:23 of 1st period - Off-side.
6:24 of 1st period - Logan Shaw wins face-off versus Collin Graf in neutral zone.
6:39 of 1st period - Anthony Richard is hit by Collin Graf and loses puck.
7:45 of 1st period - Wrist shot by Oskar Steen.
7:45 of 1st period - Goal by Oskar Steen - Islanders : 1 - Bruins : 1.
7:46 of 1st period - Rourke Chartier wins face-off versus Nicklas Backstrom in neutral zone.
8:05 of 1st period - Jeff Malott is hit by Matt Coronato and loses puck.
8:41 of 1st period - Wrist shot by Anthony Richard.
8:41 of 1st period - Deflect By Logan Shaw.
8:41 of 1st period - Shot Misses the Net.
8:41 of 1st period - Puck is out of play.
8:42 of 1st period - Rasmus Asplund wins face-off versus Ryan Schmelzer in Islanders zone.
8:43 of 1st period - Wrist shot by Dylan Holloway.
8:43 of 1st period - Deflect By Collin Graf.
8:43 of 1st period - Shot Misses the Net.
8:43 of 1st period - Puck is out of play.
8:44 of 1st period - Rasmus Asplund wins face-off versus Collin Graf in Islanders zone.
10:41 of 1st period - Slapshot by Rourke Chartier.
10:41 of 1st period - Shot Blocked by Ethan Del Mastro.
10:43 of 1st period - Snap shot by Logan Shaw.
10:43 of 1st period - Stopped by Mike Smith without a rebound.
10:44 of 1st period - Ben Meyers wins face-off versus Rourke Chartier in Islanders zone.
12:17 of 1st period - Wrist shot by Logan Shaw.
12:17 of 1st period - Goal by Logan Shaw - Islanders : 1 - Bruins : 2.
12:18 of 1st period - Rasmus Asplund wins face-off versus Nicklas Backstrom in neutral zone.
13:06 of 1st period - Snap shot by Oskar Steen.
13:06 of 1st period - Shot Blocked by Ryan Schmelzer.
13:19 of 1st period - Minor Penalty to Dan Renouf for Holding Stick.
13:20 of 1st period - Nicklas Backstrom wins face-off versus Rasmus Asplund in Bruins zone.
13:20 of 1st period - Slapshot by Matt Coronato.
13:20 of 1st period - Shot Misses the Net.
13:22 of 1st period - Wrist shot by Ryan Schmelzer.
13:22 of 1st period - Goal by Ryan Schmelzer - Islanders : 2 - Bruins : 2.
13:23 of 1st period - Nicklas Backstrom wins face-off versus Rasmus Asplund in neutral zone.
13:28 of 1st period - Snap shot by Nicklas Backstrom.
13:28 of 1st period - Shot Misses the Net.
13:30 of 1st period - Snap shot by Ryan Schmelzer.
13:30 of 1st period - Stopped by Ken Appleby with a rebound.
13:32 of 1st period - Wrist shot by Matt Coronato.
13:32 of 1st period - Shot Misses the Net.
13:34 of 1st period - Slapshot by Dylan Coghlan.
13:34 of 1st period - Shot Blocked by Max Lajoie.
13:36 of 1st period - Wrist shot by Matt Coronato.
13:36 of 1st period - Stopped by Ken Appleby with a rebound.
13:38 of 1st period - Backhand shot by Ryan Schmelzer.
13:38 of 1st period - Shot Blocked by Dylan Holloway.
13:55 of 1st period - Rourke Chartier is hit by Nicklas Backstrom and loses puck.
14:16 of 1st period - Max Lajoie is hit by Ryan Schmelzer and loses puck.
14:39 of 1st period - Slapshot by Logan Shaw.
14:39 of 1st period - Shot Blocked by Conor Timmins.
14:41 of 1st period - Slapshot by Anthony Richard.
14:41 of 1st period - Shot Misses the Net.
14:43 of 1st period - Snap shot by Anthony Richard.
14:43 of 1st period - Shot Misses the Net.
15:49 of 1st period - Nicklas Backstrom is hit by Alex Peters and loses puck.
17:15 of 1st period - Alexander Nylander is hit by Anthony Richard and loses puck.
18:30 of 1st period - Snap shot by Logan Shaw.
18:30 of 1st period - Stopped by Mike Smith with a rebound.
19:29 of 1st period - Icing by Collin Graf.
19:30 of 1st period - Collin Graf wins face-off versus Rourke Chartier in Islanders zone.
19:30 of 1st period - Collin Graf is hit by Logan Shaw.
Goals for this period are 2 for Islanders vs 2 for Bruins.
Shots for this period are 7 for Islanders vs 5 for Bruins.
2nd period
0:01 of 2nd period - Nicklas Backstrom wins face-off versus Rasmus Asplund in neutral zone.
0:10 of 2nd period - Snap shot by Nicklas Backstrom.
0:10 of 2nd period - Goal by Nicklas Backstrom - Islanders : 3 - Bruins : 2.
0:11 of 2nd period - Rasmus Asplund wins face-off versus Nicklas Backstrom in neutral zone.
0:14 of 2nd period - Snap shot by Rasmus Asplund.
0:14 of 2nd period - Shot Blocked by Dylan Coghlan.
0:20 of 2nd period - Snap shot by Nicklas Backstrom.
0:20 of 2nd period - Shot Misses the Net.
0:28 of 2nd period - Slapshot by Nicklas Backstrom.
0:28 of 2nd period - Shot Blocked by Adam Gaudette.
1:03 of 2nd period - Snap shot by Graeme Clarke.
1:03 of 2nd period - Stopped by Mike Smith with a rebound.
1:05 of 2nd period - Snap shot by Jeff Malott.
1:05 of 2nd period - Shot Misses the Net.
1:17 of 2nd period - Max Lajoie is hit by Emil Lilleberg and loses puck.
1:52 of 2nd period - Snap shot by Jeff Malott.
1:52 of 2nd period - Stopped by Mike Smith with a rebound.
2:20 of 2nd period - Ryan Schmelzer is hit by Graeme Clarke and loses puck.
2:39 of 2nd period - Corey Schueneman is hit by Rourke Chartier and loses puck.
6:24 of 2nd period - Dylan Coghlan is hit by Rasmus Asplund and loses puck.
13:37 of 2nd period - Icing by Rourke Chartier.
13:38 of 2nd period - Brandon Gignac wins face-off versus Rasmus Asplund in Bruins zone.
14:28 of 2nd period - Philip Broberg is hit by Alexander Nylander and loses puck.
16:00 of 2nd period - Alex Peters is hit by Conor Timmins and loses puck.
16:37 of 2nd period - Nicolas Meloche is hit by Anthony Richard and loses puck.
18:27 of 2nd period - Kristian Reichel is hit by Collin Graf and loses puck.
18:38 of 2nd period - Slapshot by Scott Morrow.
18:38 of 2nd period - Shot Blocked by Nicolas Meloche.
18:40 of 2nd period - Snap shot by Rasmus Asplund.
18:40 of 2nd period - Goal by Rasmus Asplund - Islanders : 3 - Bruins : 3.
18:41 of 2nd period - Ryan Schmelzer wins face-off versus Graeme Clarke in neutral zone.
19:08 of 2nd period - Ben Meyers is hit by Jake Christiansen and loses puck.
19:21 of 2nd period - Snap shot by Logan Shaw.
19:21 of 2nd period - Stopped by Mike Smith without a rebound.
19:22 of 2nd period - Rourke Chartier wins face-off versus Ben Meyers in Islanders zone.
19:25 of 2nd period - Wrist shot by Rourke Chartier.
19:25 of 2nd period - Stopped by Mike Smith without a rebound.
19:26 of 2nd period - Rourke Chartier wins face-off versus Ben Meyers in Islanders zone.
19:29 of 2nd period - Snap shot by Logan Shaw.
19:29 of 2nd period - Stopped by Mike Smith without a rebound.
19:30 of 2nd period - Nicklas Backstrom wins face-off versus Rasmus Asplund in Islanders zone.
19:30 of 2nd period - Nicklas Backstrom is hit by Dylan Holloway.
19:57 of 2nd period - Wrist shot by Oskar Steen.
19:57 of 2nd period - Deflect By Jeff Malott.
19:57 of 2nd period - Shot Misses the Net.
19:57 of 2nd period - Puck is out of play.
19:58 of 2nd period - Ben Meyers wins face-off versus Oskar Steen in Islanders zone.
Goals for this period are 1 for Islanders vs 1 for Bruins.
Shots for this period are 1 for Islanders vs 6 for Bruins.
3rd period
0:01 of 3rd period - Nicklas Backstrom wins face-off versus Rasmus Asplund in neutral zone.
0:04 of 3rd period - Snap shot by Dylan Coghlan.
0:04 of 3rd period - Shot Blocked by Dylan Holloway.
0:06 of 3rd period - Snap shot by Ryan Schmelzer.
0:06 of 3rd period - Shot Misses the Net.
0:08 of 3rd period - Slapshot by Conor Timmins.
0:08 of 3rd period - Stopped by Ken Appleby without a rebound.
0:09 of 3rd period - Rasmus Asplund wins face-off versus Nicklas Backstrom in Bruins zone.
0:14 of 3rd period - Slapshot by Philip Broberg.
0:14 of 3rd period - Stopped by Mike Smith without a rebound.
0:15 of 3rd period - Nicklas Backstrom wins face-off versus Rasmus Asplund in Islanders zone.
0:45 of 3rd period - Conor Timmins is hit by Graeme Clarke and loses puck.
0:52 of 3rd period - Wrist shot by Jeff Malott.
0:52 of 3rd period - Stopped by Mike Smith with a rebound.
1:08 of 3rd period - Slapshot by Max Lajoie.
1:08 of 3rd period - Stopped by Mike Smith with a rebound.
1:10 of 3rd period - Slapshot by Rourke Chartier.
1:10 of 3rd period - Stopped by Mike Smith without a rebound.
1:11 of 3rd period - Rasmus Asplund wins face-off versus Ben Meyers in Islanders zone.
1:12 of 3rd period - Wrist shot by Adam Gaudette.
1:12 of 3rd period - Deflect By Rasmus Asplund.
1:12 of 3rd period - Goal by Rasmus Asplund - Islanders : 3 - Bruins : 4.
1:13 of 3rd period - Nicklas Backstrom wins face-off versus Rasmus Asplund in neutral zone.
3:17 of 3rd period - Snap shot by Alexander Nylander.
3:17 of 3rd period - Stopped by Ken Appleby without a rebound.
3:18 of 3rd period - Brandon Gignac wins face-off versus Dylan Holloway in Bruins zone.
3:32 of 3rd period - Off-side.
3:33 of 3rd period - Rourke Chartier wins face-off versus Nicklas Backstrom in neutral zone.
3:36 of 3rd period - Snap shot by Anthony Richard.
3:36 of 3rd period - Stopped by Mike Smith with a rebound.
3:38 of 3rd period - Wrist shot by Anthony Richard.
3:38 of 3rd period - Stopped by Mike Smith with a rebound.
3:44 of 3rd period - Snap shot by Rourke Chartier.
3:44 of 3rd period - Shot Blocked by Nicklas Backstrom.
3:46 of 3rd period - Slapshot by Jake Christiansen.
3:46 of 3rd period - Shot Blocked by Dylan Coghlan.
3:54 of 3rd period - Minor Penalty to Ryan Schmelzer for Slashing.
3:55 of 3rd period - Matt Coronato wins face-off versus Dylan Holloway in Islanders zone.
4:06 of 3rd period - Snap shot by Matt Coronato.
4:06 of 3rd period - Shot Misses the Net.
4:20 of 3rd period - Dylan Coghlan is hit by Anthony Richard and loses puck.
4:49 of 3rd period - Icing by Adam Gaudette.
4:50 of 3rd period - Dylan Holloway wins face-off versus Collin Graf in Bruins zone.
5:16 of 3rd period - Corey Schueneman is hit by Anthony Richard and loses puck.
5:33 of 3rd period - Taro Hirose is hit by Logan Shaw and loses puck.
5:54 of 3rd period - Penalty to Ryan Schmelzer is over, Ryan Schmelzer is back on ice.
6:06 of 3rd period - Dylan Holloway is hit by Ryan Schmelzer.
7:42 of 3rd period - Icing by Alex Peters.
7:43 of 3rd period - Ben Meyers wins face-off versus Oskar Steen in Bruins zone.
10:59 of 3rd period - Collin Graf is hit by Kristian Reichel and loses puck.
12:53 of 3rd period - Minor Penalty to Rourke Chartier for Hooking.
12:54 of 3rd period - Nicklas Backstrom wins face-off versus Rasmus Asplund in Bruins zone.
12:56 of 3rd period - Snap shot by Nicklas Backstrom.
12:56 of 3rd period - Goal by Nicklas Backstrom - Islanders : 4 - Bruins : 4.
12:57 of 3rd period - Nicklas Backstrom wins face-off versus Rasmus Asplund in neutral zone.
13:03 of 3rd period - Slapshot by Dylan Coghlan.
13:03 of 3rd period - Shot Blocked by Philip Broberg.
13:44 of 3rd period - Minor Penalty to Oskar Steen for Cross-checking.
13:45 of 3rd period - Nicklas Backstrom wins face-off versus Rasmus Asplund in Bruins zone.
13:46 of 3rd period - Snap shot by Ryan Schmelzer.
13:46 of 3rd period - Stopped by Ken Appleby with a rebound.
13:48 of 3rd period - Snap shot by Matt Coronato.
13:48 of 3rd period - Stopped by Ken Appleby without a rebound.
13:49 of 3rd period - Nicklas Backstrom wins face-off versus Rasmus Asplund in Bruins zone.
14:36 of 3rd period - Max Lajoie is hit by Alexander Nylander and loses puck.
15:17 of 3rd period - Ryan Schmelzer is hit by Anthony Richard and loses puck.
15:44 of 3rd period - Penalty to Oskar Steen is over, Oskar Steen is back on ice.
16:28 of 3rd period - Icing by Kristian Reichel.
16:29 of 3rd period - Collin Graf wins face-off versus Kristian Reichel in Bruins zone.
16:47 of 3rd period - Icing by Alex Peters.
16:48 of 3rd period - Ryan Schmelzer wins face-off versus Oskar Steen in Bruins zone.
17:18 of 3rd period - Slapshot by Adam Gaudette.
17:18 of 3rd period - Stopped by Mike Smith with a rebound.
17:28 of 3rd period - Backhand shot by Emil Lilleberg.
17:28 of 3rd period - Shot Blocked by Jake Christiansen.
19:31 of 3rd period - Max Lajoie is hit by Taro Hirose and loses puck.
Goals for this period are 1 for Islanders vs 1 for Bruins.
Shots for this period are 5 for Islanders vs 8 for Bruins.
Overtime #1
0:01 of 1st overtime period - Mason Shaw wins face-off versus Adam Gaudette in neutral zone.
0:08 of 1st overtime period - Snap shot by Collin Graf.
0:08 of 1st overtime period - Shot Misses the Net.
0:10 of 1st overtime period - Slapshot by Emil Lilleberg.
0:10 of 1st overtime period - Stopped by Ken Appleby without a rebound.
0:11 of 1st overtime period - Adam Gaudette wins face-off versus Mason Shaw in Bruins zone.
0:18 of 1st overtime period - Slapshot by Dan Renouf.
0:18 of 1st overtime period - Shot Misses the Net.
0:20 of 1st overtime period - Snap shot by Adam Gaudette.
0:20 of 1st overtime period - Stopped by Mike Smith with a rebound.
0:22 of 1st overtime period - Snap shot by Adam Gaudette.
0:22 of 1st overtime period - Stopped by Mike Smith with a rebound.
0:24 of 1st overtime period - Snap shot by Anthony Richard.
0:24 of 1st overtime period - Goal by Anthony Richard - Islanders : 4 - Bruins : 5.
Goals for this period are 0 for Islanders vs 1 for Bruins.
Shots for this period are 1 for Islanders vs 3 for Bruins.